cohdb
Replays
Latest Replays
All Replays
Popular Replays
Top Player Replays
Match Explorer
How It Works
Community
CoH3 Stats
Reddit
Sign in to upload your games and track your stats! →
Sign in with Steam
Match 45185887
Unlisted
Match 45185887
Overview
Messages
Build Orders
End
Selects Italian Coastal Battlegroup
Selects Coastal Reserves
Coastal Reserve
Construct Infanterie Kompanie
Coastal Reserve
Coastal Reserve
MG 42 Machine Gun Team
Coastal Reserve
Selects Artillery Officer
Medical Bunker
Construct Panzergrenadier Kompanie
Coastal Reserve
Pak 40 Anti-tank Gun Team
Selects Coastal Wall
251 Medium Carrier
Medical Bunker
Construct Panzer Kompanie
Selects Support Bunkers
Selects Rapid Fortifications
Rapid Fortifications
Medical Bunker
Kettenkrad Recon Vehicle
Rapid Fortifications
Pioneer Squad
Selects Bulwark
Medical Bunker
Panzer Officer Quarters
Medical Bunker
Rapid Fortifications
Repair Bunker
Kettenkrad Recon Vehicle
Artillery Officer
Rapid Fortifications
Medical Bunker
Kettenkrad Recon Vehicle
Rapid Fortifications
Rapid Fortifications
Medical Bunker
MG 42 Bunker
Coastal Reserve
Rapid Fortifications
Artillery Officer
MG 42 Bunker
Stoßtruppen Squad
Rapid Fortifications
Support Elements
Side Skirts
Panzer IV Medium Tank
Alloyzy Klex
SEPH
Bob Tschigerillo
Genius Malignus
0
0
Comments
sign in to comment!
No comments posted yet!